 Dungeon Crawl Stone Soup version 0.31.0-4-g52a2dc7128 (webtiles) character file.

Game seed: 12223106441323032370

41 Gobbopathe the Changeling (level 3, -2/24 HPs)
             Began as an Octopode Shapeshifter on Jan 21, 2024.
             Slain by a goblin
             ... wielding a +0 dagger
             ... led by Robin
              (4 damage)
             ... on level 2 of the Dungeon.
             The game lasted 00:02:52 (1362 turns).

Gobbopathe the Changeling (Octopode Shapeshifter)   Turns: 1362, Time: 00:02:53

Health: -2/24      AC:  1    Str: 15    XL:     3   Next: 52%
Magic:  3/3        EV: 13    Int: 12    God:
Gold:   104        SH:  0    Dex: 11    Spells: 2/2 levels left

rFire   . .          .
                       - Unarmed
rCold   . . .        (no shield)
rNeg    . . .        (helmet currently unavailable)
rPois   .            (no amulet)
rElec   .            j - ring of willpower
rCorr   .            (no ring)
SInv    .            (no ring)
Will    +....        (no ring)
Stlth   +++          (no ring)
HPRegen 0.24/turn    (no ring)
MPRegen 0.08/turn    (no ring)
                     (no ring)

%: no passive effects
@: beast-form
A: beast (slay +1), almost no armour, amphibious, 8 rings, camouflage 1,
gelatinous body 1, (nimble swimmer 1), tentacles
a: Begin Untransformation


You were on level 2 of the Dungeon.
You were a hulking beast.
You visited 1 branch of the dungeon, and saw 2 of its levels.

You collected 104 gold pieces.

Inventory:

Hand Weapons
 b - a +0 sling
Missiles
 d - 29 stones
 m - 5 poisoned darts (quivered)
Jewellery
 j - a ring of willpower (left tentacle)
Talismans
 c - a flux talisman
 k - a beast talisman
Scrolls
 f - 2 scrolls of fear {unknown}
 i - a scroll of immolation {unknown}
Potions
 a - a potion of lignification
 e - a potion of cancellation {unknown}
 g - a potion of curing {unknown}
 h - a potion of enlightenment {unknown}
 l - a potion of attraction {unknown}


   Skills:
 * Level 2.0 Fighting
 + Level 2.2 Dodging
 + Level 1.5 Stealth
 + Level 3.1 Unarmed Combat
 * Level 3.3 Shapeshifting


You had 2 spell levels left.
You didn't know any spells.
Your spell library was empty.

Dungeon Overview and Level Annotations

Branches:
Dungeon (2/15) Zot: 10640

Altars:
Gozag

Annotations:
D:2 Robin


Innate Abilities, Weirdness & Mutations

You are a hulking beast.
Your limbs bulge with bestial killing power. (Slay +1)
You cannot wear most types of armour.
You are amphibious.
You can wear up to eight rings at the same time.
Your skin changes colour to match your surroundings (Stealth+).
Your rubbery body absorbs attacks. (AC +1, EV +1)
((You are camouflaged when in or above water. (Stealth+)))
You have tentacles for arms and can constrict up to eight enemies at once.


Message History

The hobgoblin shouts!
A goblin comes into view. It is wielding a +0 club.
The hobgoblin shouts!
The goblin shouts!
Robin roars a battlecry!
The goblins go into a battle-frenzy!
There is an open door here.
You completely miss the goblin. Your grab misses the goblin.
You squeeze the goblin.
You kill the goblin!
The goblin closely misses you. Robin throws the goblin at you!
You miss the goblin. You grab the goblin. You constrict the goblin.
The goblin completely misses you. The goblin hits you with a +0 mace.
A goblin comes into view. It is wielding a +0 dagger.
The hobgoblin hits you! Robin throws the goblin at you!
You release your grip on the goblin.
The goblin hits you with a +0 dagger.
* * * LOW HITPOINT WARNING * * *
Unknown command.
The goblin attacks as it pursues you! The goblin misses you.
The goblin attacks as it pursues you! The goblin hits you but does no damage.
There is an open door here.
You tentacle-slap the goblin. Your grab misses the goblin.
The goblin is almost dead.
The goblin hits you with a +0 club.
* * * LOW HITPOINT WARNING * * *
You barely miss the goblin. Your grab misses the goblin.
Your squeeze misses the goblin.
The goblin is almost dead.
The goblin closely misses you.
You tentacle-slap the goblin.
You kill the goblin!
Your Fighting skill increases to level 2!
The goblin attacks as it pursues you! The goblin hits you with a +0 mace.
* * * LOW HITPOINT WARNING * * *
The goblin no longer looks unusually strong.
The goblin attacks as it pursues you! The goblin hits you with a +0 mace.
* * * LOW HITPOINT WARNING * * *
Robin throws the goblin at you!
* * * LOW HITPOINT WARNING * * *
The goblin hits you with a +0 dagger.
You die...

###g#.### #.# #.#####.#.#
#.# #......g#.### #.#
##g#.... #.# ##.).##
###.## ##g....## #....##
##.......#
#######.#...####g........#
.........hgg..gggg.......+
######.#g..####.........#
#.##.## ##.......## #.####
##.....## #.# ##...##
#.#### #+## #....### #.#
#......# ####.####
#.##.#.# #.......##


You could see Robin, 2 hobgoblins and 4 goblins.

Vanquished Creatures
  3 dart slugs (D:1)
  A ribbon worm (D:2)
  2 ball pythons (D:1)
  A bat (D:2)
  2 endoplasms (D:2)
  2 giant cockroaches (D:1)
  3 goblins (D:2)
  4 hobgoblins (D:1)
  7 kobolds
  4 rats (D:1)
29 creatures vanquished.

Notes
Turn   | Place    | Note
-------+----------+-------------------------------------------
     0 | D:1      | Gobbopathe the Octopode Shapeshifter began the quest for
                  | the Orb.
     0 | D:1      | Reached XP level 1. HP: 13/13 MP: 1/1
   140 | D:1      | Reached XP level 2. HP: 18/18 MP: 2/2
   179 | D:1      | Reached skill level 1 in Stealth
   444 | D:1      | Reached XP level 3. HP: 24/24 MP: 3/3
  1090 | D:2      | Found an opulent altar of Gozag.
  1237 | D:2      | Noticed Robin
  1362 | D:2      | Slain by a goblin

Illustrated notes

Levels and vault maps discovered:
D:1:      wander_arrival_lonely_grave, layout_basic,
          minmay_misc_feat_secret_circle, fountainhead, minmay_misc_feat_square
D:2:      layout_loops_corners, basic_altar, pf_guarded_unrand_woodcutter,
          uniq_robin

Skill      XL: |  1  2  3 |
---------------+----------+-----
Stealth        | 1 |  1.5
Fighting       | 2 |  2.0
Dodging        | |  2.2
Unarmed Combat | |  3.1
Shapeshifting  | |  3.3

Action                     || total
---------------------------++-------
  Melee: Unarmed           ||    51
         Constrict         ||    15
         Tentacles         ||    14
         Punch             ||     1
   Stab: Sleeping          ||     5
 Armour: Skin              ||    31
  Dodge: Dodged            ||    22
